TOP OF THE 1ST |
Barry's Bay Orioles batting - Pitching for Little Rock Lemmiwinks : LHP José Ávila
|
Pitching: LHP José Ávila
|
|
Batting: RHB Ronnie Starr
|
0-0: Called Strike 0-1: Swinging Strike 0-2: Foul Ball, location: 2F 0-2: Ball 1-2: Strikes out looking
|
Batting: RHB Jaime Campos
|
0-0: Called Strike 0-1: Swinging Strike 0-2: Strikes out swinging
|
Batting: RHB Marcos Pérez
|
0-0: Foul Ball, location: 2F 0-1: Called Strike 0-2: Foul Ball, location: 2F 0-2: Strikes out swinging
|
Top of the 1st over - 0 runs, 0 hits, 0 errors, 0 left on base; Barry's Bay 0 - Little Rock 0 |
BOTTOM OF THE 1ST |
Little Rock Lemmiwinks batting - Pitching for Barry's Bay Orioles : RHP Salvador Delgado
|
Pitching: RHP Salvador Delgado
|
|
Batting: LHB Cisco Salazar
|
0-0: Ball 1-0: SINGLE (Groundball, 34D)
|
Batting: RHB Kokaji Ridha
|
0-0: Called Strike 0-1: Foul Ball, location: 2F 0-2: Strikes out looking
|
Batting: RHB Eduardo Rojas
|
0-0: Ball 1-0: Ball Cisco Salazar steals 2nd base 2-0: DOUBLE (Groundball, 5L) Cisco Salazar scores
|
Batting: LHB Ryan Martin
|
0-0: Ground out 5-3 (Groundball, 56)
|
Batting: LHB Lorenzo Féliz
|
0-0: Called Strike 0-1: Called Strike 0-2: Ball 1-2: Fly out, F7 (Line Drive, 7D)
|
Bottom of the 1st over - 1 run, 2 hits, 0 errors, 1 left on base; Barry's Bay 0 - Little Rock 1 |
TOP OF THE 2ND |
Barry's Bay Orioles batting - Pitching for Little Rock Lemmiwinks : LHP José Ávila
|
Batting: LHB António Machado
|
0-0: Foul Ball, location: 2F 0-1: Ball 1-1: Foul Ball, location: 2F 1-2: Strikes out swinging
|
Batting: RHB Edgardo Hernández
|
0-0: Called Strike 0-1: Foul Ball, location: 2F 0-2: Strikes out swinging
|
Batting: LHB Javier Soto
|
0-0: Called Strike 0-1: Ball 1-1: Swinging Strike 1-2: Ball 2-2: Ball 3-2: Foul Ball, location: 2F 3-2: DOUBLE (Flyball, 89D) - OUT at third base trying to stretch hit.
|
Top of the 2nd over - 0 runs, 1 hit, 0 errors, 0 left on base; Barry's Bay 0 - Little Rock 1 |
BOTTOM OF THE 2ND |
Little Rock Lemmiwinks batting - Pitching for Barry's Bay Orioles : RHP Salvador Delgado
|
Batting: RHB Roberto Valdéz
|
0-0: Ball 1-0: Ball 2-0: Foul Ball, location: 2F 2-1: Ball 3-1: Called Strike 3-2: Strikes out swinging
|
Batting: RHB José Rodríguez
|
0-0: Ball 1-0: Ball 2-0: Ball 3-0: Base on Balls
|
Batting: RHB Artie Mills
|
0-0: Called Strike 0-1: Ball 1-1: Foul Ball, location: 2F 1-2: Fly out, F9 (Flyball, 9LM)
|
Batting: RHB Norberto Gallardo
|
0-0: Ball 1-0: Swinging Strike 1-1: Ball José Rodríguez is caught stealing 2nd base
|
Bottom of the 2nd over - 0 runs, 0 hits, 0 errors, 0 left on base; Barry's Bay 0 - Little Rock 1 |
TOP OF THE 3RD |
Barry's Bay Orioles batting - Pitching for Little Rock Lemmiwinks : LHP José Ávila
|
Batting: LHB Pancho Hernández
|
0-0: Ball 1-0: Ball 2-0: Swinging Strike 2-1: Swinging Strike 2-2: Strikes out swinging wild pitch, reaches first!
|
Batting: LHB Dave Sanders
|
0-0: Ball 1-0: SINGLE (Line Drive, 4) Pancho Hernández to second
|
Batting: SHB Dan Morse
|
0-0: Ball 1-0: Called Strike 1-1: Ball 2-1: Ball 3-1: Swinging Strike 3-2: Strikes out swinging
|
Batting: RHB Ronnie Starr
|
0-0: Ball 1-0: Called Strike 1-1: Swinging Strike 1-2: Ball 2-2: Strikes out swinging
|
Batting: RHB Jaime Campos
|
0-0: Ball 1-0: Foul Ball, location: 2F 1-1: Foul Ball, location: 2F 1-2: Foul Ball, location: 2F 1-2: Foul Ball, location: 2F 1-2: Strikes out swinging
|
Top of the 3rd over - 0 runs, 1 hit, 0 errors, 2 left on base; Barry's Bay 0 - Little Rock 1 |
BOTTOM OF THE 3RD |
Little Rock Lemmiwinks batting - Pitching for Barry's Bay Orioles : RHP Salvador Delgado
|
Batting: RHB Norberto Gallardo
|
0-0: Called Strike 0-1: Ground out 5-3 (Groundball, 56)
|
Batting: LHB Cisco Salazar
|
0-0: Called Strike 0-1: SINGLE (Flyball, 7S)
|
Batting: RHB Kokaji Ridha
|
0-0: Ball 1-0: Foul Ball, location: 2F 1-1: Ball 2-1: Foul Ball, location: 2F 2-2: Ball 3-2: Fly out, F9 (Flyball, 9S)
|
Batting: RHB Eduardo Rojas
|
0-0: Called Strike 0-1: SINGLE (Flyball, 7LM) Cisco Salazar to second
|
Batting: LHB Ryan Martin
|
0-0: Foul Ball, location: 2F 0-1: Ball 1-1: Hit by Pitch Cisco Salazar to third Eduardo Rojas to second
|
Batting: LHB Lorenzo Féliz
|
0-0: Ball 1-0: Fly out, F8 (Flyball, 8RS)
|
Bottom of the 3rd over - 0 runs, 2 hits, 0 errors, 3 left on base; Barry's Bay 0 - Little Rock 1 |
TOP OF THE 4TH |
Barry's Bay Orioles batting - Pitching for Little Rock Lemmiwinks : LHP José Ávila
|
Batting: RHB Marcos Pérez
|
0-0: Fly out, F9 (Flyball, 89M)
|
Batting: LHB António Machado
|
0-0: Foul Ball, location: 2F 0-1: Ball 1-1: Foul Ball, location: 2F 1-2: Ball 2-2: Ground out 4-3 (Groundball, 4S)
|
Batting: RHB Edgardo Hernández
|
0-0: Ball 1-0: SINGLE (Line Drive, 3)
|
Batting: LHB Javier Soto
|
0-0: Called Strike 0-1: Ball 1-1: Ball 2-1: Foul Ball, location: 2F 2-2: Fielders Choice at 2nd, 6-4 (Groundball, 6D)
|
Top of the 4th over - 0 runs, 1 hit, 0 errors, 1 left on base; Barry's Bay 0 - Little Rock 1 |
BOTTOM OF THE 4TH |
Little Rock Lemmiwinks batting - Pitching for Barry's Bay Orioles : RHP Salvador Delgado
|
Batting: RHB Roberto Valdéz
|
0-0: Called Strike 0-1: Foul Ball, location: 2F 0-2: Hit by Pitch
|
Batting: RHB José Rodríguez
|
0-0: Ball 1-0: Fielders Choice at 2nd, 4-6 (Groundball, 4)
|
Batting: RHB Artie Mills
|
0-0: Ball 1-0: Ball José Rodríguez steals 2nd base 2-0: Foul Ball, location: 2F 2-1: Ground out 5-3 (Groundball, 56D)
|
Batting: RHB Norberto Gallardo
|
0-0: Fly out, F8 (Flyball, 8LD)
|
Bottom of the 4th over - 0 runs, 0 hits, 0 errors, 1 left on base; Barry's Bay 0 - Little Rock 1 |
TOP OF THE 5TH |
Barry's Bay Orioles batting - Pitching for Little Rock Lemmiwinks : LHP José Ávila
|
Batting: LHB Pancho Hernández
|
0-0: Fly out, F6 (Popup, 56D)
|
Batting: LHB Dave Sanders
|
0-0: Called Strike 0-1: Ball 1-1: Swinging Strike 1-2: Ball 2-2: Strikes out swinging
|
Batting: SHB Dan Morse
|
0-0: Ball 1-0: Called Strike 1-1: Ball 2-1: Foul Ball, location: 2F 2-2: Ball 3-2: Foul Ball, location: 2F 3-2: Strikes out swinging
|
Top of the 5th over - 0 runs, 0 hits, 0 errors, 0 left on base; Barry's Bay 0 - Little Rock 1 |
BOTTOM OF THE 5TH |
Little Rock Lemmiwinks batting - Pitching for Barry's Bay Orioles : RHP Salvador Delgado
|
Batting: LHB Cisco Salazar
|
0-0: Ball 1-0: SINGLE (Groundball, 6D)
|
Batting: RHB Kokaji Ridha
|
0-0: Called Strike 0-1: Swinging Strike 0-2: Ball 1-2: Foul Ball, location: 2F 1-2: Ball 2-2: Foul Ball, location: 2F 2-2: Ball 3-2: DOUBLE (Flyball, 8RD) Cisco Salazar to third Cisco Salazar scores
|
Batting: RHB Eduardo Rojas
|
0-0: Ball 1-0: Called Strike Kokaji Ridha is caught stealing 3rd base 1-1: Ball 2-1: Ball 3-1: Called Strike 3-2: Fly out, F8 (Flyball, 8LS)
|
Batting: LHB Ryan Martin
|
0-0: Called Strike 0-1: Ball 1-1: Ball 2-1: Fly out, F6 (Line Drive, 6)
|
Bottom of the 5th over - 1 run, 2 hits, 0 errors, 0 left on base; Barry's Bay 0 - Little Rock 2 |
TOP OF THE 6TH |
Barry's Bay Orioles batting - Pitching for Little Rock Lemmiwinks : LHP José Ávila
|
Batting: RHB Ronnie Starr
|
0-0: Foul Ball, location: 2F 0-1: Ball 1-1: Ball 2-1: Foul Ball, location: 2F 2-2: Strikes out swinging
|
Batting: RHB Jaime Campos
|
0-0: Ball 1-0: Ball 2-0: SINGLE (Groundball, 34D)
|
Pitching: RHP António Gamboa
|
|
Batting: RHB Marcos Pérez
|
0-0: Ball 1-0: Ball 2-0: Foul Ball, location: 2F 2-1: Ground out U3 (Groundball, 34) Jaime Campos to second
|
Batting: LHB António Machado
|
0-0: Ball 1-0: Ball 2-0: Ball 3-0: Called Strike 3-1: Base on Balls
|
Batting: RHB Edgardo Hernández
|
0-0: Ball 1-0: Ball 2-0: Foul Ball, location: 2F 2-1: Ball 3-1: SINGLE (Groundball, 6MD) Jaime Campos to third António Machado to second Runner from 3rd tries for Home, SAFE, no throw
|
Batting: LHB Javier Soto
|
0-0: Ball 1-0: Ball 2-0: Ball 3-0: Fly out, F8 (Flyball, 8LXD)
|
Top of the 6th over - 1 run, 2 hits, 0 errors, 2 left on base; Barry's Bay 1 - Little Rock 2 |
BOTTOM OF THE 6TH |
Little Rock Lemmiwinks batting - Pitching for Barry's Bay Orioles : RHP Salvador Delgado
|
Batting: LHB Lorenzo Féliz
|
0-0: Called Strike 0-1: Fly out, F8 (Flyball, 8LD)
|
Batting: RHB Roberto Valdéz
|
0-0: Ball 1-0: Foul Ball, location: 2F 1-1: Swinging Strike 1-2: Ball 2-2: Ball 3-2: Foul Ball, location: 2F 3-2: Base on Balls
|
Pitching: RHP Ethan Adams
|
|
Batting: RHB José Rodríguez
|
0-0: Called Strike 0-1: Foul Ball, location: 2F 0-2: Strikes out swinging
|
Batting: RHB Artie Mills
|
0-0: Swinging Strike 0-1: Foul Ball, location: 2F 0-2: Fly out, F7 (Flyball, 78M)
|
Bottom of the 6th over - 0 runs, 0 hits, 0 errors, 1 left on base; Barry's Bay 1 - Little Rock 2 |
TOP OF THE 7TH |
Barry's Bay Orioles batting - Pitching for Little Rock Lemmiwinks : RHP António Gamboa
|
Batting: LHB Pancho Hernández
|
0-0: Called Strike 0-1: Ball 1-1: Ball 2-1: Ball 3-1: Called Strike 3-2: Base on Balls
|
Batting: LHB Dave Sanders
|
0-0: Ball 1-0: Ball 2-0: Foul Ball, location: 2F 2-1: Fly out, F6 (Line Drive, 56D)
|
Batting: SHB Dan Morse
|
0-0: Ground out U3 (Groundball, 3L) Pancho Hernández to second
|
Batting: RHB Ronnie Starr
|
0-0: Ball 1-0: Swinging Strike 1-1: Swinging Strike 1-2: Strikes out swinging
|
Top of the 7th over - 0 runs, 0 hits, 0 errors, 1 left on base; Barry's Bay 1 - Little Rock 2 |
BOTTOM OF THE 7TH |
Little Rock Lemmiwinks batting - Pitching for Barry's Bay Orioles : RHP Ethan Adams
|
Batting: RHB Norberto Gallardo
|
0-0: SINGLE (Groundball, 34D)
|
Pitching: LHP Mario García
|
|
Pinch Hitting: RHB Germán Vargas
|
0-0: Called Strike 0-1: Foul Ball, location: 2F 0-2: Strikes out swinging
|
Pitching: RHP Jorge Cruz
|
|
Batting: RHB Kokaji Ridha
|
0-0: Ball 1-0: Grounds into double play, 6-4-3 (Groundball, 6)
|
Bottom of the 7th over - 0 runs, 1 hit, 0 errors, 0 left on base; Barry's Bay 1 - Little Rock 2 |
TOP OF THE 8TH |
Barry's Bay Orioles batting - Pitching for Little Rock Lemmiwinks : RHP António Gamboa
|
Now in LF: Germán Vargas
|
|
Batting: RHB Jaime Campos
|
0-0: Called Strike 0-1: Ball 1-1: Foul Ball, location: 2F 1-2: Strikes out looking
|
Batting: RHB Marcos Pérez
|
0-0: Ball 1-0: SINGLE (Line Drive, 7S)
|
Pitching: RHP José Antonio Peńa
|
|
Batting: LHB António Machado
|
0-0: Swinging Strike 0-1: Foul Ball, location: 2F 0-2: Strikes out swinging
|
Pinch Hitting: LHB Jerry Koch
|
0-0: Swinging Strike 0-1: Called Strike 0-2: Foul Ball, location: 2F 0-2: Ball 1-2: Ball 2-2: Strikes out swinging
|
Top of the 8th over - 0 runs, 1 hit, 0 errors, 1 left on base; Barry's Bay 1 - Little Rock 2 |
BOTTOM OF THE 8TH |
Little Rock Lemmiwinks batting - Pitching for Barry's Bay Orioles : RHP Jorge Cruz
|
Now at SS: Jerry Koch
|
|
Batting: RHB Eduardo Rojas
|
0-0: Called Strike 0-1: Foul Ball, location: 2F 0-2: Ball 1-2: Fly out, F7 (Flyball, 78D)
|
Batting: LHB Ryan Martin
|
0-0: Ball 1-0: Ball 2-0: Ball 3-0: Called Strike 3-1: Called Strike 3-2: Foul Ball, location: 2F 3-2: SINGLE (Line Drive, 8RS)
|
Batting: LHB Lorenzo Féliz
|
0-0: SINGLE (Groundball, 34D) Ryan Martin to second Runner from 2nd tries for 3rd, SAFE, no throw
|
Pinch Hitting: LHB Horace Kramer
|
0-0: Ball 1-0: Ball 2-0: Ball 3-0: Called Strike 3-1: Foul Ball, location: 2F 3-2: Base on Balls Lorenzo Féliz to second
|
Pinch Hitting: LHB José Pérez
|
0-0: Ball 1-0: Ball 2-0: Ball 3-0: Base on Balls Ryan Martin scores Lorenzo Féliz to third Horace Kramer to second
|
Batting: RHB Artie Mills
|
0-0: Ball 1-0: Ball 2-0: Ball 3-0: Called Strike 3-1: Called Strike 3-2: Base on Balls Lorenzo Féliz scores Horace Kramer to third José Pérez to second
|
Pitching: RHP José García
|
|
Pinch Hitting: LHB Pablo Alvarado
|
0-0: Fly out, F8 (Flyball, 8RS) Runner from 3rd tags up, SCORES, no throw
|
Batting: RHB Germán Vargas
|
0-0: Ball 1-0: Called Strike 1-1: Ball 2-1: SINGLE (Groundball, 56D) José Pérez to third Artie Mills to second Runner from 3rd tries for Home, SAFE, no throw
|
Batting: RHB Kokaji Ridha
|
0-0: Called Strike 0-1: Hit by Pitch Artie Mills to third Germán Vargas to second
|
Batting: RHB Eduardo Rojas
|
0-0: Ground out 5-3 (Groundball, 56S)
|
Bottom of the 8th over - 4 runs, 3 hits, 0 errors, 3 left on base; Barry's Bay 1 - Little Rock 6 |
TOP OF THE 9TH |
Barry's Bay Orioles batting - Pitching for Little Rock Lemmiwinks : RHP José Antonio Peńa
|
Now at 1B: José Pérez
|
|
Now at 2B: Manny Robles
|
|
Now in RF: Horace Kramer
|
|
Batting: LHB Javier Soto
|
0-0: Ball 1-0: Called Strike 1-1: Ground out 6-3 (Groundball, 6)
|
Batting: LHB Pancho Hernández
|
0-0: Foul Ball, location: 2F 0-1: Swinging Strike 0-2: Foul Ball, location: 2F 0-2: Ball 1-2: Ball 2-2: Strikes out swinging
|
Batting: LHB Dave Sanders
|
0-0: Ball 1-0: SINGLE (Groundball, 56D)
|
Batting: SHB Dan Morse
|
0-0: Ball 1-0: Swinging Strike 1-1: Ball 2-1: Swinging Strike 2-2: Ground out U3 (Groundball, 3)
|
Top of the 9th over - 0 runs, 1 hit, 0 errors, 1 left on base; Barry's Bay 1 - Little Rock 6 |
|